 Dungeon Crawl Stone Soup version 0.30-a0-39-g42789b21ef (webtiles) character file.

Game seed: 13848310282051422220

179 BritishOli the Trooper (level 5, -5/42 HPs)
             Began as a Demonspawn Fighter on Aug 29, 2022.
             Slain by a gnoll bouda
             ... wielding a +0 club
              (9 damage)
             ... on level 3 of the Dungeon.
             The game lasted 00:01:55 (3059 turns).

BritishOli the Trooper (Demonspawn Fighter)         Turns: 3059, Time: 00:01:56

Health: -5/42      AC:  6    Str: 18    XL:     5   Next: 32%
Magic:  5/5        EV:  9    Int: 10    God:
Gold:   169        SH:  8    Dex: 12    Spells: 4/4 levels left

rFire   . . .      SeeInvis .    a - +0 long sword
rCold   . . .      Faith    .    c - +0 buckler
rNeg    . . .      Spirit   .    b - +0 scale mail
rPois   +          Reflect  .    (no helmet)
rElec   .          Harm     .    (no cloak)
rCorr   .          Rampage  .    (no gloves)
Will    .....                    (no boots)
Stlth   ..........               (no amulet)
HPRegen 0.14/turn                f - ring of poison resistance
MPRegen 0.09/turn                (no ring)

@: weakened
A: hooves 1, large bone plates 1, spiny 1
a: no special abilities


You were on level 3 of the Dungeon.
You visited 1 branch of the dungeon, and saw 3 of its levels.

You collected 169 gold pieces.

Inventory:

Hand Weapons
 a - a +0 long sword (weapon)
Armour
 b - a +0 scale mail (worn)
 c - a +0 buckler (worn)
Jewellery
 f - a ring of poison resistance (left hand)
Scrolls
 e - 3 scrolls of magic mapping {unknown}
 h - 2 scrolls of blinking {unknown}
 i - 2 scrolls of identify {unknown}
 k - 2 scrolls of amnesia {unknown}
 l - a scroll of poison {unknown}
 m - 2 scrolls of enchant weapon {unknown}
 n - a scroll of fear {unknown}
 q - 2 scrolls of teleportation {unknown}
Potions
 d - 2 potions of might
 g - a potion of curing {unknown}
 j - a potion of degeneration {unknown}
 o - a potion of attraction {unknown}
 p - 2 potions of mutation {unknown}


   Skills:
 + Level 4.0 Fighting
 + Level 2.9 Long Blades
 + Level 3.6 Armour
 + Level 3.6 Shields


You had 4 spell levels left.
You didn't know any spells.
Your spell library contained the following spells:

 Spells                   Type           Power      Damage    Failure   Level
 Slow                     Hex            0%         N/A       83%         1
 Sublimation of Blood     Necr           0%         N/A       93%         2
 Wereblood                Tmut           0%         N/A       93%         2
 Confusing Touch          Hex            0%         N/A       99%         3
 Vampiric Draining        Necr           0%         2d6       99%         3
 Summon Hydra             Summ           0%         N/A       100%        7


Dungeon Overview and Level Annotations

Branches:
Dungeon (3/15)

Altars:

Shops:
D:1 !


Innate Abilities, Weirdness & Mutations

You have large cloven feet.
You are partially covered in large bone plates. (SH +4)
You are partially covered in sharp spines.


Message History

You kick the gnoll bouda, but do no damage.
The gnoll bouda is lightly wounded.
The gnoll bouda is struck by your spines.
The gnoll bouda hits you with a +0 club!
You block the gnoll's attack.
You barely miss the gnoll bouda.
The gnoll bouda is heavily wounded.
The gnoll bouda completely misses you.
The gnoll hits you from afar with a +0 spear.
You block the gnoll bouda's attack.
You hit the gnoll bouda.
You kick the gnoll bouda, but do no damage.
The gnoll bouda is heavily wounded.
You block the gnoll's attack.
The gnoll bouda gazes fiercely through you!
You feel as though you will be weak longer.
The gnoll bouda hits you with a +0 club.
The gnoll hits you from afar with a +0 spear.
You are too injured to fight recklessly!
Unknown command.
You are too injured to fight recklessly!
Unknown command.
You are too injured to fight recklessly!
Unknown command.
You are too injured to fight recklessly!
You hit the gnoll bouda. Your kick misses the gnoll bouda.
The gnoll bouda is severely wounded.
The gnoll bouda is struck by your spines.
The gnoll bouda hits you with a +0 club!
The gnoll hits you from afar with a +0 spear.
* * * LOW HITPOINT WARNING * * *
You closely miss the gnoll bouda.
The gnoll bouda is almost dead.
The gnoll bouda gazes fiercely through you!
You feel as though you will be weak longer.
The gnoll bouda hits you with a +0 club!
* * * LOW HITPOINT WARNING * * *
The gnoll hits you but does no damage.
The gnoll bouda hits you with a +0 club!
You die...

#.# ..# #.# ..#
#.# #.# ### .#
#.# #.# #.# #.#
#.# ##
##############.#
..
...gggg@.......#
##
################


You could see a gnoll bouda and 3 gnolls.

Vanquished Creatures
  An orc priest (D:3)
  An iguana (D:3)
  4 adders
  A gnoll (D:3)
  A worm (D:2)
  A dart slug (D:1)
  2 orcs (D:3)
  5 endoplasms
  2 giant cockroaches (D:1)
  6 goblins
  9 hobgoblins
  4 jackals (D:1)
  4 quokkas
  6 ball pythons
  5 bats
  3 frilled lizards
  9 kobolds
  7 rats
71 creatures vanquished.

Vanquished Creatures (others)
  A fungus (D:1)
  6 plants (D:2)
  A withered plant (D:1)
8 creatures vanquished.

Grand Total: 79 creatures vanquished

Notes
Turn   | Place    | Note
-------+----------+-------------------------------------------
     0 | D:1      | BritishOli the Demonspawn Fighter began the quest for the
                  | Orb.
     0 | D:1      | Reached XP level 1. HP: 18/18 MP: 1/1
   246 | D:1      | Found Efooffyo's Distillery.
   475 | D:1      | Gained mutation: You are partially covered in sharp spines.
                  | [demonic ancestry]
   475 | D:1      | Reached XP level 2. HP: 24/24 MP: 2/2
   600 | D:1      | Found a faded altar of an unknown god.
   763 | D:1      | Gained mutation: You are partially covered in large bone
                  | plates. (SH +4) [demonic ancestry]
   763 | D:1      | Reached XP level 3. HP: 26/29 MP: 3/3
  1725 | D:2      | Gained mutation: You have large cloven feet. [demonic
                  | ancestry]
  1725 | D:2      | Reached XP level 4. HP: 25/35 MP: 4/4
  2519 | D:3      | Reached XP level 5. HP: 11/42 MP: 5/5
  3054 | D:3      | Reached skill level 4 in Fighting
  3059 | D:3      | Slain by a gnoll bouda

Illustrated notes

Levels and vault maps discovered:
D:1:      dpeg_arrival_subterranean_lakeside_camping, layout_rooms,
          shapermc_ecumenical_altar_gd, serial_shops,
          nicolae_shop_temple_entry_statues_fountains, dk_noncrumbling_3,
          roderic_serpentine_path
D:2:      minmay_razor_zed, layout_rooms, minmay_misc_feat_encased, st_stairs_4,
          minmay_misc_feat_tiny, lexackson_kobold_supper
D:3:      layout_loops_ring, minmay_fountain_box

Skill      XL: |  1  2  3  4  5 |
---------------+----------------+-----
Long Blades    | 2 |  2.9
Shields        | 3 |  3.6
Armour         | 3 |  3.6
Fighting       | 4 |  4.0

Action                   |  1- 3 |  4- 6 || total
-------------------------+-------+-------++-------
Melee: Long sword        |    84 |    66 ||   150
       Kick              |       |    17 ||    17
Armor: Scale mail        |    28 |    18 ||    46
Dodge: Dodged            |    26 |    24 ||    50
Block: Buckler           |    28 |    36 ||    64

Table legend: (Time is in decaauts)
 A = Elapsed time spent in this place.
 B = Non-inter-level travel time spent in this place.
 C = Inter-level travel time spent in this place.
 D = Time resting spent in this place.
 E = Time spent auto-exploring this place.
 F = Levels seen in this place.
 G = Mean time per level.
                   A        B        C        D        E       F      G
               +--------+--------+--------+--------+--------+-----+--------+
         Total |   3107 |   3056 |     51 |    474 |   2198 |   3 | 1035.7 |
       Dungeon |   3107 |   3056 |     51 |    474 |   2198 |   3 | 1035.7 |
               +--------+--------+--------+--------+--------+-----+--------+

Top non-repeatable levels by time:
     D:1: 1154 daAuts
     D:2: 996 daAuts
     D:3: 957 daAuts
